 Dungeon Crawl Stone Soup version 0.21-a0-472-g223bcb9 (webtiles) character file.

200 slep the Slasher (level 5, -2/63 HPs)
             Began as a Demonspawn Monk on Nov 21, 2017.
             Slain by a scorpion (3 damage)
             ... on level 4 of the Dungeon.
             The game lasted 00:10:44 (2331 turns).

slep the Slasher (Demonspawn Monk)                  Turns: 2331, Time: 00:10:44

Health: -2/63      AC: 22    Str: 13    XL:     5   Next: 48%
Magic:  5/5        EV:  2    Int: 11    God:
Gold:   154        SH:  0    Dex: 15    Spells: 4/4 levels left

rFire    . . .     SeeInvis .   a - +0 falchion
rCold    . . .     Gourm    .   (no shield)
rNeg     + + +     Faith    .   (armour currently unavailable)
rPois    +         Spirit   .   (helmet currently unavailable)
rElec    .         Reflect  .   (cloak currently unavailable)
rCorr    .         Harm     .   (gloves currently unavailable)
MR       .....     NoTele   +   (boots currently unavailable)
Stlth    ++........             (no amulet)
HPRegen  0.20/turn              h - ring of wizardry
MPRegen  0.09/turn              (no ring)

@: lethally poisoned (-2 -> -17), tree-form
A: powered by death 1
a: no special abilities


You were on level 4 of the Dungeon.
You were not hungry.
You were a tree.
You visited 1 branch of the dungeon, and saw 4 of its levels.
You also visited: Sewer.

You collected 154 gold pieces.

Inventory:

Hand Weapons
 a - a +0 falchion (weapon)
 n - a +0 spear
 s - a +3 short sword
Missiles
 l - 18 poisoned needles
Armour
 b - a +0 robe
 d - a +0 ring mail (melded)
Jewellery
 h - a ring of wizardry (left branch)
Scrolls
 f - a scroll of amnesia {unknown}
 j - a scroll of fear {unknown}
 m - 3 scrolls of fog {unknown}
 o - 2 scrolls of identify {unknown}
 q - a scroll of enchant weapon {unknown}
 r - a scroll of magic mapping {unknown}
Potions
 e - a potion of brilliance
 p - 4 potions of magic
Comestibles
 c - a bread ration
 i - 2 royal jellies


   Skills:
 + Level 3.7 Fighting
 + Level 4.2 Long Blades
 + Level 1.6 Armour
 + Level 3.4 Dodging
 + Level 2.0 Stealth


You had 4 spell levels left.
You didn't know any spells.

Dungeon Overview and Level Annotations

Branches:
Dungeon (4/15)
 Temple: D:4-7

Altars:
Gozag
Xom

Annotations:
D:2 Terence


Innate Abilities, Weirdness & Mutations

((Your flesh is heat resistant. (rF+)))
You regenerate a little health from kills.


Message History

The scorpion poisons you! The scorpion stings you.
* * * LOW HITPOINT WARNING * * *
You closely miss the scorpion.
The scorpion is heavily wounded.
* * * LOW HITPOINT WARNING * * *
You feel sick.
The scorpion stings you but does no damage.
Your ring mail prevents you from hitting the scorpion.
The scorpion is heavily wounded.
* * * LOW HITPOINT WARNING * * *
You feel sick.
The scorpion stings you but does no damage.
It was a potion of magic.
Magic courses through your body.
* * * LOW HITPOINT WARNING * * *
You feel sick. The scorpion barely misses you.
It was a potion of lignification.
You turn into a tree.
Your +0 ring mail melds into your body.
Your roots penetrate the ground.
* * * LOW HITPOINT WARNING * * *
You feel sick. The scorpion stings you.
You die...

#.....#####
#.. ##.####
#.. #..# ##.
#.## #.
#.#########
#.
#.........#
#.
##.........#
#.
#....s.....#
##
#....♣.....#
#..........#
#..........#
#..........#
#....(.....#
#...#+#....#
#... ...##
#... ....


You could see a scorpion.

Vanquished Creatures
  A hound (D:4)
  An orc priest (D:4)
  7 adders
  An ooze (D:2)
  2 dart slugs (D:1)
  3 leopard geckos
  5 orcs
  7 ball pythons
  3 giant cockroaches
  2 goblins
  3 hobgoblins
  8 jackals
  9 kobolds
  A quokka (D:3)
  3 bats
  3 frilled lizards
  2 rats
61 creatures vanquished.

Notes
Turn   | Place    | Note
-------+----------+-------------------------------------------
     0 | D:1      | slep the Demonspawn Monk began the quest for the Orb.
     0 | D:1      | Reached XP level 1. HP: 18/18 MP: 1/1
   174 | D:1      | Reached skill level 3 in Long Blades
   174 | D:1      | Gained mutation: Your flesh is heat resistant. (rF+) [demonic ancestry]
   174 | D:1      | Reached XP level 2. HP: 10/24 MP: 2/2
   448 | D:2      | Noticed Terence
   473 | D:3      | Reached XP level 3. HP: 23/29 MP: 3/3
   610 | D:3      | Found an opulent altar of Gozag.
   683 | D:3      | Found a glowing drain.
   691 | Sewer    | Entered a sewer
   750 | Sewer    | Reached XP level 4. HP: 16/35 MP: 4/4
   986 | Sewer    | Reached skill level 1 in Armour
  1979 | D:3      | Found a shimmering altar of Xom.
  2117 | D:4      | Reached skill level 4 in Long Blades
  2117 | D:4      | Gained mutation: You regenerate a little health from kills. [demonic ancestry]
  2117 | D:4      | Reached XP level 5. HP: 34/42 MP: 5/5
  2330 | D:4      | HP: 1/42 [poisoned by a scorpion]
  2331 | D:4      | Slain by a scorpion

Vault maps used:
D:1:      dpeg_arrival_simpleton_a, minmay_misc_feat_five
D:2:      first_bread, uniq_jessica, uniq_terence
D:3:      overflow_temple_1_default, old_standard_altar, portal_sewer_entry_f,
          minivault_25, lexackson_kobold_supper
D:4:      grunt_temple_overflow_diamond, serial_shops,
          nicolae_shop_behind_doors, corexii_item_surrounded_by_moat
Sewer:    sewer_co_scattered_pipes

Skill      XL: |  1  2  3  4 |
---------------+-------------+-----
Long Blades    | 3 4 |  4.2
Dodging        | 3 |  3.4
Armour         | 1 |  1.6
Stealth        | 2 |  2.0
Fighting       | |  3.7

Action                   |  1- 3 |  4- 6 || total
-------------------------+-------+-------++-------
Melee: Falchion          |   133 |   149 ||   282
  Use: Potion            |     2 |     4 ||     6
 Stab: Sleeping          |     1 |       ||     1
  Eat: Chunk             |       |     6 ||     6
Armor: Robe              |    10 |       ||    10
       Ring mail         |    56 |    80 ||   136
Dodge: Dodged            |   103 |   171 ||   274
       Rpst.: Falchion   |    26 |    47 ||    73

Table legend:
 A = Spawn XP
 B = Non-spawn XP
 C = Spawn XP percentage of total XP
 D = Spawn monster count
 E = Non-spawn monster count
 F = Spawn count percentage of total count
 G = Total turns spent on level
                    A         B        C        D         E        F      G
               +---------+---------+-------+---------+---------+-------+---------
         Total |       0 |     286 |   0.0 |       0 |      61 |   0.0 |  2331
               +---------+---------+-------+---------+---------+-------+---------
           D:1 |       0 |      25 |   0.0 |       0 |      11 |   0.0 |   430
           D:2 |       0 |      10 |   0.0 |       0 |       3 |   0.0 |    36
           D:3 |       0 |      67 |   0.0 |       0 |      17 |   0.0 |   321
           D:4 |       0 |     106 |   0.0 |       0 |      11 |   0.0 |   311
         Sewer |       0 |      78 |   0.0 |       0 |      19 |   0.0 |  1233
               +---------+---------+-------+---------+---------+-------+---------
